Map: Blackpink LE

Players

kidknot - Winner!

  • Race: Zerg Zerg
  • League: Diamond
  • Spawn Location: 7:00

A.I. 2 (Very Easy)

  • Race: Terran Terran
  • Spawn Location: 1:00

VOD

Have the link to the VOD?

Description

Time

  • Played on: Feb. 24, 2018, 8:39 p.m.
  • Length: 7:27
Show
View Real Time Build Order
Export as new Build Order

kidknot Zerg - Winner!

Build Orders: Hatch First 

Get SALT Encoding   

  12  0:01  Drone  
  13  0:12  Drone  
  14  0:22  Extractor x2  
  14  0:23  Drone  
  14  0:24  Drone  
  14  0:27  Overlord  
  16  0:47  Drone x2  
  18  0:59  Hatchery  
  18  1:01  Drone  
  18  1:13  Extractor, Drone  
  18  1:21  Spawning Pool  
  18  1:23  Drone  
  18  1:30  Drone  
  19  1:41  Overlord  
  19  2:08  Zergling x2  
  19  2:09  Zergling x2  
  19  2:11  Zergling x2  
  19  2:12  Queen  
  19  2:15  Queen  
  26  2:17  Metabolic Boost  
  26  2:19  Drone  
  26  2:22  Drone  
  28  2:23  Drone  
  29  2:37  Drone x2  
  30  2:43  Drone  
  32  2:45  Overlord  
  32  3:00  Drone x2  
  34  3:08  Drone x2  
  35  3:17  Extractor  
  34  3:22  Evolution Chamber, Drone x2  
  35  3:28  Overlord  
  35  3:31  Drone x5  
  40  3:35  Lair  
  40  3:38  Drone x2  
  42  3:44  Overlord  
  42  3:45  Overlord  
  42  3:51  Extractor  
  42  3:54  Extractor  
  42  3:55  Zerg Missile Weapons Level 1  
  40  4:01  Roach Warren  
  40  4:02  Drone x5  
  44  4:03  Drone  
  44  4:09  Drone x2  
  47  4:19  Zergling x2  
  47  4:20  Zergling x2  
  49  4:29  Zergling x8, Baneling Nest  
  52  4:32  Drone  
  53  4:40  Zergling x2  
  53  4:43  Drone x2  
  53  4:44  Drone  
  57  4:47  Glial Reconstitution  
  57  4:51  Roach x2  
  61  4:58  Overlord  
  61  4:59  Overlord  
  61  5:01  Roach  
  61  5:02  Roach x2  
  67  5:08  Overlord  
  67  5:14  Overlord  
  67  5:18  Roach x3  
  73  5:24  Roach  
  75  5:31  Roach x4  
  83  5:41  Roach x4  
  91  5:55  Overlord  
  91  5:57  Roach x2  
  91  6:00  Baneling x3  
  91  6:01  Roach  
  91  6:02  Roach  
  99  6:04  Overlord x2  
  99  6:12  Baneling  
  99  6:13  Baneling  
  99  6:19  Ravager x5  
  99  6:20  Ravager x3  
  99  6:22  Zergling x8  
  99  6:23  Zergling x2  
  112  6:37  Baneling x3  
  112  6:57  Roach x6  
Show
View Real Time Build Order
Export as new Build Order

A.I. 2 (Very Easy) Terran 

Build Orders:  

Get SALT Encoding   

  12  0:00  SCV  
  13  0:13  SCV  
  14  0:19  Supply Depot  
  14  0:38  Refinery  
  14  0:43  Barracks  
  14  1:05  Supply Depot  
  14  1:11  Refinery  
  14  1:30  Orbital Command, Marine  
  15  1:48  Barracks Tech Lab  
  15  1:56  SCV  
  16  2:08  SCV  
  17  2:16  Marine  
  17  2:20  SCV  
  19  2:32  SCV  
  20  2:44  SCV  
  21  2:56  SCV  
  22  3:02  Marauder  
  24  5:47  SCV  
  24  6:41  Marine  
  24  6:42  SCV  
  24  6:43  Supply Depot  
  21  6:52  Factory  
  19  6:54  SCV  
Tags
 
League
Diamond
Matchup
TvZ
Spawn Locations
Cross Positions
Add a new tag
Caveats
  • Supply blocks, unpowered buildings, or Contaminate may cause inaccurate times.
  • Supply counts are checked every 10 seconds.